 Dungeon Crawl Stone Soup version 0.22.1 (webtiles) character file.

5 n0claF the Shooter (level 1, 0/17 HPs)
             Began as a Centaur Hunter on Sept 18, 2018.
             Slain by a leopard gecko (3 damage)
             ... on level 1 of the Dungeon.
             The game lasted 00:00:38 (151 turns).

n0claF the Shooter (Centaur Hunter)                  Turns: 151, Time: 00:00:38

Health: 0/17       AC:  4    Str: 14    XL:     1   Next: 66%
Magic:  1/1        EV:  9    Int: 10    God:
Gold:   28         SH:  0    Dex:  9    Spells: 0/0 levels left

rFire    . . .     SeeInvis .   b - +0 short sword
rCold    . . .     Gourm    .   (no shield)
rNeg     . . .     Faith    .   c - +0 leather armour
rPois    .         Spirit   .   (no helmet)
rElec    .         Reflect  .   (no cloak)
rCorr    .         Harm     .   (no gloves)
MR       .....                  (no barding)
Stlth    +.........             (no amulet)
HPRegen  0.05/turn              (no ring)
MPRegen  0.07/turn              (no ring)

@: very quick
A: large, hooves 3, deformed body, speed 2, tough skin 3
a: no special abilities


You were on level 1 of the Dungeon.
You were not hungry.

You visited 1 branch of the dungeon, and saw 1 of its levels.

You collected 28 gold pieces.

Inventory:

Hand Weapons
 a - a +1 shortbow
 b - a +0 short sword (weapon)
Missiles
 d - 20 arrows
 f - 5 stones (quivered)
 j - 16 sling bullets
Armour
 c - a +0 leather armour (worn)
Scrolls
 h - a scroll of fog {unknown}
 i - a scroll of remove curse {unknown}
Comestibles
 e - 2 rations {!d}
 g - 7 chunks of flesh


   Skills:
 + Level 2.1 Fighting
 * Level 5.5 Bows
 + Level 1.5 Dodging
 - Level 0.4 Stealth


You couldn't memorise any spells.
You didn't know any spells.
Your spell library was empty.

Dungeon Overview and Level Annotations

Branches:
Dungeon (1/15)

Altars:


Innate Abilities, Weirdness & Mutations

You have hooves in place of feet.
Armour fits poorly on your strangely shaped body.
You cover ground very quickly.
You have extremely tough skin. (AC +3)


Message History

You closely miss the rat. Your kick misses the rat.
The rat bites you but does no damage.
You hit the rat. Your kick misses the rat. The rat bites you. x2
You hit the rat.
You kill the rat!
The rat bites you but does no damage.
You barely miss the rat. You kick the rat.
You kill the rat!
No target in view!
No target in view!
You butcher the rat corpse.
g - 7 chunks of flesh (gained 1)
You see here a rat skeleton. x2
A bat comes into view.
A bat is nearby!
A bat is nearby!
A leopard gecko comes into view.
You barely miss the bat. The bat hits you.
You barely miss the bat. Your kick misses the bat. The bat hits you.
* * * LOW HITPOINT WARNING * * *
The bat hits you but does no damage.
You are too injured to fight recklessly!
You are too injured to fight recklessly!
You are too injured to fight recklessly!
You are too injured to fight recklessly!
The bat hits you but does no damage. The bat hits you but does no damage.
The bat barely misses you. The bat hits you but does no damage.
You closely miss the bat. The bat hits you but does no damage.
The leopard gecko barely misses you.
You completely miss the bat. Your kick misses the bat.
The bat barely misses you.
You miss the leopard gecko. Your kick misses the leopard gecko.
The leopard gecko barely misses you. The bat hits you.
* * * LOW HITPOINT WARNING * * *
The leopard gecko bites you but does no damage.
You hit the leopard gecko. The bat barely misses you.
The leopard gecko bites you.
* * * LOW HITPOINT WARNING * * *
You miss the leopard gecko. You kick the leopard gecko.
The bat barely misses you. The leopard gecko bites you.
* * * LOW HITPOINT WARNING * * *
You hit the leopard gecko but do no damage.
The bat hits you but does no damage.
The leopard gecko hisses menacingly.
The leopard gecko bites you but does no damage.
The bat hits you but does no damage.
A jackal comes into view.
The leopard gecko bites you.
You die...

#..# .. #.#.## #..##.# ...#
#.##.# # #...#.# ...#
#.###. #.###.....#
...##.####.##.#
#.........##...+......<..##
#...........#..#..####.###
#........##....#.# #.#
#.$.....#....h#.# #.##
#.......l@.##.#.# #.#
#.......b..##.#.##.#.##
#........#.##.#.#.# #.#
#........#.##.#..####.##
#........#.##.'.........##
#.##.#...#..#.##.####.##.#
#. #.........[###.###.###.
#........#.# ##.##.##.#
#..........# ##.#.#.##


You could see a leopard gecko, a jackal (wandering) and a bat.

Vanquished Creatures
  A goblin (D:1)
  A hobgoblin (D:1)
  A kobold (D:1)
  3 rats (D:1)
6 creatures vanquished.

Notes
Turn   | Place    | Note
-------+----------+-------------------------------------------
     0 | D:1      | n0claF the Centaur Hunter began the quest for the Orb.
     0 | D:1      | Reached XP level 1. HP: 17/17 MP: 1/1
   151 | D:1      | Slain by a leopard gecko

Action                   || total
-------------------------++-------
Melee: Short sword       ||    21
       Kick              ||     3
Armor: Leather armour    ||    14
Dodge: Dodged            ||    10
